 Dungeon Crawl Stone Soup version 0.31-a0-569-g7ea453304b (webtiles) character file.

Game seed: 2823164810342465078

96 zammaz the Chopper (level 4, -15/39 HPs)
             Began as a Hill Orc Fighter on Aug 18, 2023.
             Demolished by an ogre
             ... wielding a +0 giant spiked club
              (24 damage)
             ... on level 4 of the Dungeon.
             The game lasted 00:01:46 (2076 turns).

zammaz the Chopper (Hill Orc Fighter)               Turns: 2076, Time: 00:01:47

Health: -15/39     AC:  6    Str: 18    XL:     4   Next: 67%
Magic:  4/4        EV:  9    Int: 10    God:
Gold:   187        SH:  4    Dex: 10    Spells: 3/3 levels left

rFire   . . .        a - +0 war axe
rCold   . . .        c - +0 buckler
rNeg    . . .        b - +0 scale mail
rPois   .            (no helmet)
rElec   .            (no cloak)
rCorr   +            (no gloves)
SInv    .            (no boots)
Will    .....        (no amulet) Stlth
                     k - ring of resist corrosion
HPRegen 0.26/turn    (no ring)
MPRegen 0.09/turn

%: no passive effects
@: mighty
A: no striking features
a: no special abilities


You were on level 4 of the Dungeon.
You visited 1 branch of the dungeon, and saw 4 of its levels.

You collected 187 gold pieces.

Inventory:

Hand Weapons
 a - a +0 war axe (weapon)
Armour
 b - a +0 scale mail (worn)
 c - a +0 buckler (worn)
Jewellery
 k - a ring of resist corrosion (left hand)
 m - a ring of protection from cold
Talismans
 j - a blade talisman
Scrolls
 e - a scroll of summoning {unknown}
 h - a scroll of fear {unknown}
 i - a scroll of revelation {unknown}
 l - a scroll of identify {unknown}
Potions
 f - 2 potions of curing {unknown}
 g - 3 potions of heal wounds {unknown}


   Skills:
 - Level 3.6 Fighting
 + Level 6.3 Axes
 - Level 3.2 Armour
 - Level 3.2 Shields


You had 3 spell levels left.
You didn't know any spells.
Your spell library was empty.

Dungeon Overview and Level Annotations

Branches:
Dungeon (4/15)
 Temple: D:4-7

Altars:
Zin


Message History

No target in view!
Done exploring.
No target in view!
There is a stone staircase leading down here.
You climb downwards.
The gnoll shouts! x2; The ogre shouts!
Found 11 gold pieces.
There is a stone staircase leading up here.
There are monsters nearby!
The gnoll hits you from afar with a +0 spear.
There are monsters nearby!
A ball python comes into view.
The gnoll closely misses you.
The ogre hits you with a +0 giant spiked club!!
The gnoll barely misses you. The gnoll hits you with a +0 whip.
There are monsters nearby!
You are too injured to fight recklessly!
Unknown command.
You are too injured to fight recklessly!
You are too injured to fight recklessly!
Unknown command.
You are too injured to fight recklessly!
The ball python hisses angrily.
You hit the ogre.
The ogre is lightly wounded.
You hit the gnoll. x2; You closely miss the gnoll.
The gnoll hits you with a +0 spear.
* * * LOW HITPOINT WARNING * * *
The gnoll hits you but does no damage. x2
You slash the ogre!
The ogre is heavily wounded.
You hit the gnoll. You hit the gnoll but do no damage. x2
The ogre barely misses you. You block the gnoll's attack.
The gnoll hits you with a +0 spear.
* * * LOW HITPOINT WARNING * * *
The gnoll hits you but does no damage.
You feel very mighty all of a sudden.
The ogre hits you with a +0 giant spiked club!!
Ouch! That really hurt!
You die...

....## .....## #
.....# ##.
.....#
..#..##....##
...#........#
.......<....#
.........g.##
........@g..#
........gO..#
.............#
.$.....##S.....#
......# ......#
...... ......#
...... .....##
...# ......


You could see an ogre, 3 gnolls and a ball python.

Vanquished Creatures
  An iguana (D:3)
  An adder (D:2)
  A worm (D:3)
  3 dart slugs (D:1)
  4 endoplasms
  5 giant cockroaches
  7 hobgoblins
  5 quokkas
  5 ball pythons
  2 bats (D:2)
  4 goblins
  6 kobolds
  4 rats
48 creatures vanquished.

Notes
Turn   | Place    | Note
-------+----------+-------------------------------------------
     0 | D:1      | zammaz the Hill Orc Fighter began the quest for the Orb.
     0 | D:1      | Reached XP level 1. HP: 19/19 MP: 1/1
    84 | D:1      | Reached skill level 3 in Axes
   111 | D:1      | Found a faded altar of an unknown god.
   183 | D:1      | Reached XP level 2. HP: 26/26 MP: 2/2
   285 | D:1      | Reached skill level 4 in Axes
   364 | D:1      | Reached XP level 3. HP: 30/31 MP: 3/3
   717 | D:2      | Identified the +0 leather armour "Gaatred" {rCorr}
   923 | D:2      | Reached skill level 5 in Axes
   995 | D:2      | You fall into a shaft and drop 1 floor!
  1232 | D:3      | Found a glowing silver altar of Zin.
  1386 | D:3      | Reached skill level 6 in Axes
  1386 | D:3      | Reached XP level 4. HP: 4/39 MP: 4/4
  2071 | D:4      | Noticed an ogre
  2076 | D:4      | Demolished by an ogre

Illustrated notes

Levels and vault maps discovered:
D:1:      wander_arrival_fairy_ring, layout_basic,
          ebering_ecumenical_altar_rust, st_stairs_13
D:2:      layout_basic
D:3:      layout_rooms, general_overflow_altar
D:4:      layout_cave_pools, led_sif_book, chequers_garden,
          minmay_increasing_density

Skill      XL: |  1  2  3 |
---------------+----------+-----
Axes           | 3 4 6 |  6.3
Fighting       | |  3.6
Armour         | |  3.2
Shields        | |  3.2

Action                     |  1- 3 |  4- 6 || total
---------------------------+-------+-------++-------
  Melee: War axe           |   102 |     9 ||   111
    Use: Potion            |       |     1 ||     1
 Armour: Scale mail        |    36 |     4 ||    40
  Dodge: Dodged            |    40 |     8 ||    48
  Block: Buckler           |    29 |     2 ||    31

Table legend: (Time is in decaauts)
 A = Elapsed time spent in this place.
 B = Non-inter-level travel time spent in this place.
 C = Inter-level travel time spent in this place.
 D = Time resting spent in this place.
 E = Time spent auto-exploring this place.
 F = Levels seen in this place.
 G = Mean time per level.
                   A        B        C        D        E       F      G
               +--------+--------+--------+--------+--------+-----+--------+
         Total |   2109 |   2025 |     84 |    135 |   1598 |   4 |  527.2 |
       Dungeon |   2109 |   2025 |     84 |    135 |   1598 |   4 |  527.2 |
               +--------+--------+--------+--------+--------+-----+--------+

Top non-repeatable levels by time:
     D:3: 804 daAuts
     D:1: 653 daAuts
     D:2: 646 daAuts
     D:4: 5 daAuts
